 Dungeon Crawl Stone Soup version 0.32-a0-312-g1d7162e751 (webtiles) character file.

Game seed: 1755937695734350631

47 Descartes the Firebug (level 3, -12/21 HPs)
             Began as an Octopode Fire Elementalist on Feb 15, 2024.
             Killed by a splash of acid (33 damage)
             ... invoked by the fury of Makhleb
             ... on level 1 of the Dungeon.
             The game lasted 00:01:51 (643 turns).

Descartes the Firebug (Octopode Fire Elementalist)   Turns: 643, Time: 00:01:52

Health: -12/21     AC:  1    Str:  7    XL:     3   Next: 70%
Magic:  6/6        EV: 13    Int: 19    God:
Gold:   17         SH:  0    Dex: 12    Spells: 5/6 levels left

rFire   . . .        (no weapon)
rCold   . . .        (no shield)
rNeg    . . .        (helmet restricted)
rPois   .            (no amulet)
rElec   .            (no ring)
rCorr   .            (no ring)
SInv    .            (no ring)
Will    .....        (no ring)
Stlth   +++          (no ring)
HPRegen 0.23/turn    (no ring)
MPRegen 0.10/turn    (no ring)
                     (no ring)

%: no passive effects
@: no status effects
A: almost no armour, amphibious, 8 rings, camouflage 1, gelatinous body 1,
(nimble swimmer 1), tentacles
a: no special abilities


You were on level 1 of the Dungeon.
You visited 1 branch of the dungeon, and saw 1 of its levels.

You collected 17 gold pieces.

Inventory:

Talismans
 e - a storm talisman
Scrolls
 b - a scroll of revelation {unknown}
 d - a scroll of noise {unknown}
 f - a scroll of fog {unknown}
Potions
 a - a potion of magic
 c - a potion of ambrosia {unknown}


   Skills:
 + Level 2.6 Dodging
 - Level 2.6 Stealth
 + Level 2.4 Spellcasting
 + Level 1.8 Conjurations
 + Level 3.4 Fire Magic


You had 5 spell levels left.
You knew the following spells:

 Your Spells              Type           Power      Damage    Failure   Level
a - Foxfire               Conj/Fire      48%        2x1d6     5%          1

Your spell library contained the following spells:

 Spells                   Type           Power      Damage    Failure   Level
 Scorch                   Fire           30%        2d6       6%          2
 Inner Flame              Hex/Fire       8%         N/A       24%         3
 Volatile Blastmotes      Fire/Tloc      16%        2d11      24%         3
 Flame Wave               Conj/Fire      12%        2d6       47%         4


Dungeon Overview and Level Annotations

Branches:
Dungeon (1/15)

Altars:
Nemelex Xobeh


Innate Abilities, Weirdness & Mutations

You cannot wear most types of armour.
You are amphibious.
You can wear up to eight rings at the same time.
Your skin changes colour to match your surroundings (Stealth+).
Your rubbery body absorbs attacks. (AC +1, EV +1)
((You are camouflaged when in or above water. (Stealth+)))
You have tentacles for arms and can constrict up to eight enemies at once.


Message History

The rat is severely wounded.
You constrict the rat, but do no damage.
The rat completely misses you.
You tentacle-slap the rat but do no damage.
The rat is severely wounded.
You constrict the rat.
You kill the rat!
You now have 17 gold pieces (gained 9).
Things that are here:
a +0 dagger; a goblin corpse
Things that are here:
a +0 club; 2 stones; a kobold corpse
d - a scroll labelled CAUNGI WAKIWKI A goblin comes into view.
It is wielding a +0 club.
Found a storm talisman.
A goblin is nearby!
Casting: Foxfire (safe; 5% risk of failure)
Confirm with . or Enter, or press ? or * to list all spells.
You conjure some foxfire!
The goblin closely misses you.
You closely miss the goblin. You grab the goblin. You constrict the goblin.
The goblin hits you with a +0 club.
You tentacle-slap the goblin.
The goblin is heavily wounded.
You constrict the goblin. The goblin completely misses you.
You tentacle-slap the goblin.
You kill the goblin!
You see here a +0 club.
You see here a storm talisman.
e - a storm talisman
f - a scroll labelled JYRAMY AREYSKI
Found a dagger and 2 darts of dispersal.
Things that are here:
a +0 club; 2 stones; a kobold corpse You see here a +0 pair of gloves.
Nemelex Xobeh makes you draw from the deck of Punishment.
You draw a card...
You have drawn Wrath.
Makhleb rains destruction down upon you!
The splash of acid hits you!!
Ouch! That really hurt!
You die...

#######...### #. ..
............###. ..
................
#.#####........##.# ..
..##...........# #.
#.###^#....#.#.#
#.##.###.##.#..##.#
####.#...##.##.#.##()#
#....@.#...[..).######
#.##.#...#.###).#..##.
#.##.##.# ##.#.##.) ?.
#.##.####.#.#.## ###
#.##......#..##
#.#######.#.## ..#
#..## ### #.## ###


You could see the fury of Makhleb (unaware).

Vanquished Creatures
  A dart slug (D:1)
  A ball python (D:1)
  5 endoplasms (D:1)
  2 hobgoblins (D:1)
  A quokka (D:1)
  2 bats (D:1)
  A frilled lizard (D:1)
  5 goblins (D:1)
  3 kobolds (D:1)
  4 rats (D:1)
25 creatures vanquished.

Vanquished Creatures (others)
  32 foxfires (D:1)
32 creatures vanquished.

Grand Total: 57 creatures vanquished

Notes
Turn   | Place    | Note
-------+----------+-------------------------------------------
     0 | D:1      | Descartes the Octopode Fire Elementalist began the quest
                  | for the Orb.
     0 | D:1      | Reached XP level 1. HP: 11/11 MP: 3/3
    86 | D:1      | Reached XP level 2. HP: 17/17 MP: 1/5
   367 | D:1      | Reached XP level 3. HP: 21/21 MP: 3/6
   421 | D:1      | Found a faded altar of an unknown god.
   427 | D:1      | Prayed at the altar of an unknown god.
   427 | D:1      | Became a worshipper of Nemelex Xobeh the Trickster
   427 | D:1      | Reached * piety under Nemelex Xobeh
   427 | D:1      | Received a gift from Nemelex Xobeh
   488 | D:1      | Fell from the grace of Nemelex Xobeh
   643 | D:1      | Killed by a splash of acid

Illustrated notes

Levels and vault maps discovered:
D:1:      noname_arrival_rooms_in_the_neighbourhood, layout_loops_ring,
          shapermc_ecumenical_altar_acropolis, minmay_cut_off

Action                     || total
---------------------------++-------
  Melee: Unarmed           ||    22
         Constrict         ||     6
         Tentacles         ||     4
   Cast: Foxfire           ||    35
 Invoke: Renounce Religion ||     1
 Armour: Skin              ||     9
  Dodge: Dodged            ||    14

Table legend: (Time is in decaauts)
 A = Elapsed time spent in this place.
 B = Non-inter-level travel time spent in this place.
 C = Inter-level travel time spent in this place.
 D = Time resting spent in this place.
 E = Time spent auto-exploring this place.
 F = Levels seen in this place.
 G = Mean time per level.
                   A        B        C        D        E       F      G
               +--------+--------+--------+--------+--------+-----+--------+
         Total |    643 |    643 |      0 |      0 |    513 |   1 |  643.0 |
       Dungeon |    643 |    643 |      0 |      0 |    513 |   1 |  643.0 |
               +--------+--------+--------+--------+--------+-----+--------+

Top non-repeatable levels by time:
     D:1: 643 daAuts
